Map: Orbital Shipyard

Players

Miszu

  • Race: Terran Terran
  • League: Master

Bordan - Winner!

  • Race: Protoss Protoss
  • League: Grandmaster

VOD

Have the link to the VOD?

Description

Time

  • Played on: March 27, 2016, 4:10 p.m.
  • Length: 11:48
Show
View Real Time Build Order
Export as new Build Order

Miszu Terran 

Build Orders: Command Center First (CC), MMM Bio 

Get SALT Encoding   

  12  0:01  SCV  
  13  0:19  SCV  
  14  0:21  Supply Depot  
  14  0:31  SCV  
  15  0:43  SCV  
  16  0:55  SCV  
  17  1:01  Command Center  
  17  1:08  SCV  
  18  1:14  Barracks  
  18  1:20  SCV  
  19  1:28  Barracks  
  19  1:36  SCV  
  20  1:45  Barracks  
  20  2:01  Marine, Orbital Command  
  21  2:13  Orbital Command  
  21  2:18  Marine  
  21  2:19  Marine  
  23  2:26  SCV  
  24  2:32  Refinery x2  
  24  2:35  Marine  
  24  2:36  Marine  
  26  2:38  SCV x2  
  26  2:42  Marine  
  29  2:47  Supply Depot  
  29  2:50  SCV  
  29  2:51  SCV  
  31  2:55  Marine  
  32  3:02  SCV  
  32  3:03  Barracks Tech Lab, SCV  
  32  3:04  Marine  
  35  3:12  Supply Depot  
  35  3:13  Marine  
  35  3:15  SCV x2  
  38  3:21  Marine x2  
  38  3:22  Stimpack  
  38  3:27  SCV x2  
  41  3:31  Marine  
  43  3:35  Supply Depot  
  43  3:39  Marine, SCV  
  45  3:41  Marine  
  45  3:42  SCV  
  45  3:45  Factory  
  45  3:46  Refinery  
  45  3:48  Engineering Bay  
  47  3:51  SCV  
  47  3:54  SCV  
  49  3:59  Marine  
  49  4:00  Marine x2  
  52  4:03  SCV  
  52  4:06  SCV  
  54  4:14  Terran Infantry Weapons Level 1  
  54  4:15  SCV  
  54  4:16  Missile Turret  
  55  4:18  SCV  
  55  4:19  Missile Turret  
  55  4:20  Barracks Reactor, Barracks Tech Lab  
  56  4:27  SCV  
  56  4:30  Starport, SCV  
  58  4:32  Factory Reactor  
  58  4:39  SCV  
  58  4:43  SCV  
  60  4:46  Command Center  
  62  5:01  Supply Depot x2  
  62  5:02  SCV x2  
  62  5:06  Refinery  
  62  5:12  Barracks x2  
  62  5:22  Medivac x2, SCV x2, Combat Shields  
  62  5:23  Marauder  
  62  5:24  Concussive Shells  
  70  5:30  Supply Depot x2  
  70  5:34  Marine, Marauder  
  70  5:35  Marine, SCV, Liberator  
  75  5:38  SCV  
  75  5:39  Liberator  
  76  5:45  Marauder  
  78  5:52  Supply Depot  
  78  5:53  Supply Depot  
  84  5:57  SCV  
  84  6:02  Barracks Tech Lab  
  85  6:05  SCV  
  85  6:07  Barracks Reactor  
  86  6:17  SCV x2  
  88  6:19  Supply Depot  
  88  6:22  Terran Infantry Armor Level 1  
  88  6:23  Marauder x2  
  88  6:25  Marine x2, Marauder  
  95  6:29  SCV  
  95  6:30  SCV  
  98  6:38  Orbital Command  
  98  6:41  SCV  
  98  6:43  Marine x2  
  98  6:44  Medivac, Marauder x2  
  98  6:45  Medivac  
  98  6:46  Marauder  
  111  6:47  SCV  
  111  6:52  Supply Depot  
  111  6:54  SCV  
  113  6:55  Supply Depot  
  113  6:59  SCV  
  114  7:05  SCV  
  114  7:06  SCV  
  114  7:07  Marine x3, Marauder  
  121  7:11  SCV  
  121  7:14  Marine x2, Marauder  
  126  7:18  SCV  
  126  7:20  Supply Depot  
  127  7:25  Marine x3  
  127  7:28  Fusion Core  
  127  7:29  Starport, Marauder  
  132  7:31  Supply Depot, Marine  
  132  7:32  Marine  
  132  7:35  Refinery x2  
  132  7:36  Marauder, Liberator x2  
  136  7:43  Supply Depot, Marine  
  137  7:50  Marauder  
  139  7:52  Marine, Marauder  
  139  7:53  Supply Depot  
  148  8:00  Command Center  
  148  8:07  Marine, Marauder  
  148  8:08  Starport Tech Lab  
  151  8:13  Supply Depot  
  151  8:15  Marauder  
  151  8:17  Supply Depot  
  151  8:18  Engineering Bay  
  151  8:19  Marine, Liberator, Armory  
  155  8:20  Marine x2, Marauder  
  155  8:25  Marine  
  159  8:27  Advanced Ballistics  
  159  8:29  Marauder  
  161  8:36  Marauder  
  161  8:37  Marine  
  161  8:40  Marine x2  
  171  8:41  Marauder  
  171  8:43  Marine  
  162  8:48  Liberator x2  
  162  8:50  Marauder  
  162  8:55  Marine  
  160  8:58  Marauder  
  153  9:03  Marauder  
  153  9:05  Marine  
  153  9:07  Marine x2  
  150  9:12  Marauder  
  150  9:13  Marine  
  153  9:19  Supply Depot, Marauder  
  153  9:24  Marauder, Liberator  
  157  9:25  Marine  
  158  9:33  Marauder  
  158  9:37  Engineering Bay  
  160  9:39  Marine  
  160  9:41  Marauder  
  166  9:46  Planetary Fortress  
  166  9:54  Missile Turret  
  166  9:56  Missile Turret  
  166  9:57  Missile Turret x2  
  166  10:01  Missile Turret  
  166  10:02  Missile Turret  
  166  10:07  SCV, Missile Turret  
  166  10:08  SCV x2  
  169  10:19  SCV  
  169  10:20  SCV x2  
  172  10:27  Medivac  
  172  10:28  Marine, Medivac x2  
  173  10:29  Marine x2, Marauder  
  178  10:40  Liberator x2  
  178  10:47  Marine x2, Marauder  
  182  10:54  Barracks x2  
  182  10:55  Refinery x2, Barracks  
  188  11:07  Marine  
  188  11:08  Marine x5, Marauder  
  183  11:25  Marine x2  
  171  11:26  Marauder x2  
  171  11:28  Marine x2  
Show
View Real Time Build Order
Export as new Build Order

Bordan Protoss - Winner!

Build Orders: 1 Gate Expand 

Get SALT Encoding   

  12  0:01  Probe (Chrono Boost)  
  13  0:12  Probe (Chrono Boost)  
  14  0:18  Pylon  
  14  0:23  Probe (Chrono Boost)  
  15  0:36  Probe (Chrono Boost)  
  15  0:37  Gateway  
  16  0:46  Assimilator  
  16  0:47  Probe (Chrono Boost)  
  17  0:57  Probe (Chrono Boost)  
  18  1:08  Probe (Chrono Boost)  
  19  1:19  Probe (Chrono Boost)  
  19  1:25  Nexus  
  20  1:30  Probe (Chrono Boost)  
  21  1:41  Probe (Chrono Boost)  
  21  1:42  Pylon  
  22  1:52  Probe (Chrono Boost)  
  22  1:53  Cybernetics Core  
  23  1:58  Assimilator  
  23  2:02  Probe (Chrono Boost)  
  24  2:13  Probe (Chrono Boost)  
  25  2:24  Probe (Chrono Boost)  
  25  2:29  Stalker, Warp Gate  
  28  2:34  Probe (Chrono Boost)  
  29  2:37  Probe (Chrono Boost)  
  30  2:45  Probe (Chrono Boost)  
  30  2:48  Probe (Chrono Boost)  
  32  2:56  Mothership Core (Chrono Boost)  
  35  2:58  Probe (Chrono Boost)  
  35  3:01  Sentry  
  37  3:09  Nexus, Probe (Chrono Boost)  
  38  3:14  Probe (Chrono Boost)  
  38  3:15  Pylon  
  38  3:19  Probe (Chrono Boost)  
  40  3:24  Probe (Chrono Boost)  
  41  3:30  Probe (Chrono Boost)  
  41  3:32  Twilight Council  
  42  3:34  Stalker  
  42  3:35  Probe (Chrono Boost)  
  42  3:40  Probe (Chrono Boost)  
  46  3:45  Probe (Chrono Boost)  
  47  3:49  Pylon  
  47  3:51  Probe (Chrono Boost)  
  47  3:52  Assimilator  
  48  3:56  Probe (Chrono Boost)  
  48  3:58  Assimilator  
  48  4:01  Probe (Chrono Boost)  
  50  4:05  Stalker  
  50  4:06  Probe (Chrono Boost)  
  53  4:10  Blink  
  53  4:12  Probe (Chrono Boost)  
  53  4:13  Robotics Facility  
  54  4:17  Probe (Chrono Boost)  
  54  4:22  Probe x2 (Chrono Boost)  
  57  4:28  Probe (Chrono Boost)  
  58  4:32  Probe (Chrono Boost)  
  58  4:34  Pylon  
  59  4:40  Probe x2 (Chrono Boost)  
  59  4:43  Probe (Chrono Boost)  
  62  4:51  Probe x2 (Chrono Boost)  
  62  4:52  Pylon  
  64  4:53  Probe (Chrono Boost)  
  64  4:57  Pylon  
  66  5:00  Observer  
  66  5:01  Probe (Chrono Boost)  
  66  5:02  Probe (Chrono Boost)  
  66  5:03  Gateway x2  
  66  5:04  Probe (Chrono Boost)  
  66  5:05  Gateway  
  69  5:07  Gateway  
  69  5:12  Probe x2 (Chrono Boost)  
  71  5:14  Probe (Chrono Boost)  
  71  5:15  Assimilator  
  71  5:21  Observer, Assimilator  
  73  5:23  Probe (Chrono Boost)  
  73  5:25  Probe x2 (Chrono Boost)  
  73  5:26  Pylon  
  76  5:33  Probe (Chrono Boost)  
  76  5:34  Pylon  
  76  5:35  Gateway x2, Pylon  
  77  5:40  Gateway, Probe x2 (Chrono Boost)  
  80  5:42  Observer  
  80  5:45  Pylon  
  80  5:47  Pylon, Stalker  
  82  5:56  Probe (Chrono Boost)  
  83  6:00  Probe (Chrono Boost)  
  84  6:08  Stalker x3  
  84  6:09  Stalker, Probe (Chrono Boost)  
  84  6:10  Probe (Chrono Boost)  
  94  6:11  Resonating Glaives  
  94  6:14  Stalker  
  96  6:19  Templar Archives, Probe (Chrono Boost)  
  96  6:22  Observer  
  98  6:27  Probe (Chrono Boost)  
  98  6:32  Stalker x4  
  108  6:34  Stalker x2  
  111  6:42  Forge x2  
  111  6:46  Pylon  
  111  6:47  Pylon  
  111  6:53  Stalker  
  111  6:54  Stalker  
  115  6:55  Stalker x3  
  115  6:56  Stalker  
  115  6:59  Psionic Storm  
  123  7:08  Immortal  
  127  7:15  Protoss Ground Weapons Level 1 (Chrono Boost), Protoss Ground Armor Level 1 (Chrono Boost)  
  127  7:17  Gateway  
  127  7:18  Gateway  
  127  7:20  High Templar x2  
  131  7:27  High Templar  
  133  7:36  Adept x3  
  139  7:37  Adept x2  
  139  7:42  Pylon, Warp Prism  
  139  7:44  Pylon x2  
  145  7:57  Adept x3  
  151  7:58  High Templar  
  151  8:03  Pylon  
  151  8:05  Pylon  
  153  8:08  Stargate  
  153  8:09  Pylon  
  153  8:15  Photon Cannon  
  153  8:16  Photon Cannon  
  153  8:18  Photon Cannon  
  153  8:21  Photon Cannon  
  153  8:22  Photon Cannon  
  153  8:25  Photon Cannon  
  153  8:27  Photon Cannon  
  153  8:29  Photon Cannon  
  153  8:31  Photon Cannon  
  152  8:44  Adept x3  
  152  8:45  Adept  
  152  8:46  Adept x5  
  152  8:47  Adept  
  116  9:10  Pylon  
  116  9:12  High Templar x3  
  116  9:13  Stalker, Protoss Ground Armor Level 2 (Chrono Boost), Protoss Ground Weapons Level 2 (Chrono Boost)  
  116  9:14  Stalker x3  
  130  9:21  Sentry  
  130  9:23  Adept x2  
  136  9:29  Pylon  
  136  9:33  Photon Cannon  
  136  9:35  Photon Cannon  
  136  9:36  Photon Cannon  
  136  9:37  High Templar  
  136  9:51  Assimilator  
  136  9:52  Immortal  
  136  9:55  Nexus  
  136  9:57  Assimilator  
  136  9:59  High Templar  
  142  10:09  Pylon  
  142  10:15  Pylon  
  142  10:16  Fleet Beacon  
  142  10:30  Adept  
  142  10:31  Adept x8  
  160  10:38  Stargate  
  160  10:41  Oracle  
  162  10:54  Adept x2  
  162  10:55  Adept x4  
  168  11:17  Adept x2  
  168  11:18  Adept x7  
Tags
 
Add a new tag
Caveats
  • Supply blocks, unpowered buildings, or Contaminate may cause inaccurate times.
  • Supply counts are checked every 10 seconds.